 Dungeon Crawl Stone Soup version 0.30-a0-860-g512cf1e (webtiles) character file.

Game seed: 6028437117616259693

2664 Nithhogg the Cleaver (level 9, -9/65 (81) HPs)
             Began as a Hill Orc Fighter on Mar 7, 2023.
             Was a Believer of the Shining One.
             Mangled by a wight
             ... wielding a +4 morningstar
              (14 damage)
             ... on level 7 of the Dungeon.
             The game lasted 00:11:41 (6124 turns).

Nithhogg the Cleaver (Hill Orc Fighter)             Turns: 6124, Time: 00:11:41

HP:   -9/65 (81)    AC: 14    Str: 22 (23) XL:     9   Next: 63%
MP:   14/14         EV: 10    Int:  6 (8)  God:    the Shining One [**....]
Gold: 319           SH:  0    Dex: 13 (16) Spells: 8/8 levels left

rFire   + . .      SeeInvis .    a - +0 war axe (heavy)
rCold   . . .      Faith    .    (no shield)
rNeg    + . .      Spirit   .    r - +8 ring mail of Maex {rElec Will+}
rPois   .          Reflect  .    (no helmet)
rElec   +          Rampage  .    (no cloak)
rCorr   .                        (no gloves)
Will    .....                    (no boots)
Stlth   +                        (no amulet)
HPRegen 0.30/turn                s - ring of protection from fire
MPRegen 0.14/turn                y - +6 ring of dexterity

@: brilliant, weak-willed, flying, glowing, heavily drained
A: no striking features
a: Renounce Religion, Divine Shield


You were on level 7 of the Dungeon.
You worshipped the Shining One.
The Shining One was pleased with you.
You visited 1 branch of the dungeon, and saw 7 of its levels.

You collected 319 gold pieces.

Inventory:

Hand Weapons
 a - a +0 heavy war axe (weapon)
 v - a +4 rapier of holy wrath
Missiles
 B - 2 throwing nets (quivered)
Armour
 b - a +1 scale mail
 c - a +0 buckler
 r - the +8 ring mail of Maex (worn) {rElec Will+}
   (You found it on level 4 of the Dungeon)

   rElec:     It insulates you from electricity.
   Will:      It increases your willpower.
 C - a scarf of harm
Jewellery
 s - a ring of protection from fire (left hand)
 t - a ring of flight
 y - a +6 ring of dexterity (right hand)
 F - a +6 ring of dexterity
 G - an amulet of guardian spirit
 I - a +6 ring of strength
Scrolls
 e - 5 scrolls of identify
 f - 2 scrolls of magic mapping
 h - a scroll of amnesia
 i - 2 scrolls of noise
 u - a scroll of vulnerability
 D - a scroll of poison {unknown}
 E - a scroll of teleportation {unknown}
 J - a scroll of butterflies {unknown}
Potions
 d - 2 potions of might
 g - 2 potions of brilliance
 k - a potion of degeneration
 m - 2 potions of mutation {unknown}
 n - 2 potions of ambrosia {unknown}
 o - 2 potions of cancellation {unknown}
 p - a potion of flight
 q - a potion of magic {unknown}
 w - a potion of haste {unknown}
 x - 4 potions of lignification {unknown}
 H - a potion of attraction {unknown}


   Skills:
 + Level 7.8 Fighting
 * Level 11.0 Axes
 + Level 7.1 Armour
 - Level 3.2 Shields
 + Level 7.1 Invocations


You had 8 spell levels left.
You didn't know any spells.
Your spell library contained the following spells:

 Spells                   Type           Power      Damage    Failure   Level
 Sandblast                Erth           0%         2d4       58%         1
 Cigotuvi's Dreadful Rot  Necr/Pois/Air  0%         N/A       75%         2
 Passwall                 Tmut/Erth      0%         N/A       75%         2
 Poisonous Vapours        Pois/Air       0%         N/A       75%         2
 Call Canine Familiar     Summ           0%         N/A       92%         3
 Mephitic Cloud           Conj/Pois/Air  0%         N/A       92%         3
 Portal Projectile        Hex/Tloc       0%         N/A       92%         3
 Stone Arrow              Conj/Erth      0%         3d7       92%         3
 Leda's Liquefaction      Hex/Erth       0%         N/A       100%        4


Dungeon Overview and Level Annotations

Branches:
Dungeon (7/15)
 Temple: D:4-7

Altars:
Cheibriados
Dithmenos
Hepliaklqana
Ru
Uskayaw
Xom
Zin
The Shining One

Shops:
D:6 *


Message History

The wight completely misses you. The wight hits you with a +4 flail.
You barely miss the wight.
The wight is moderately damaged.
You hit the wight.
You feel very sick.
The wight hits you with a +4 morningstar.
* * * LOW HITPOINT WARNING * * *
You partially resist.
You feel drained. The wight hits you but does no damage.
The wight barely misses you. x2
The wight attacks as you move away! The wight hits you but does no damage.
The wight attacks as you move away! The wight hits you with a +4 flail.
* * * LOW HITPOINT WARNING * * *
You partially resist.
You feel drained.
* * * LOW HITPOINT WARNING * * *
You feel sick.
It was a potion of flight.
You feel very buoyant.
You fly up into the air.
You feel sick.
The wight hits you with a +4 morningstar.
* * * LOW HITPOINT WARNING * * *
The wight attacks as you move away! The wight hits you but does no damage.
Found a short sword.
* * * LOW HITPOINT WARNING * * *
You feel sick.
You feel better.
The wight hits you with a +4 morningstar!
* * * LOW HITPOINT WARNING * * *
The wight attacks as you move away!
The wight hits you with a +4 morningstar.
* * * LOW HITPOINT WARNING * * *
You partially resist.
You feel drained.
* * * LOW HITPOINT WARNING * * *
The wight attacks as you move away! The wight barely misses you.
The wight attacks as you move away! The wight hits you but does no damage.
The wight attacks as you move away! The wight barely misses you.
The wight attacks as you move away! The wight barely misses you.
The wight attacks as you move away! The wight completely misses you.
The wight attacks as you move away!
The wight hits you with a +4 morningstar!
You die...

.......# #..###........♣♣......#
......## ##.........##.........#
.......# ##............♣.....#
...$...#####............†..#.#
.#....#....#...###..........#
..#..##....##..#..[........##
#.#......#................##
..))###.##....#..#....##.##
#.#..#...#...##z@.##.#####
........#.....z.......#######
..=.##.##...............##..#####
..................#.....##....##.
##................#....##........
#.................>.............
............................#..#
...................#.......####
.....##............#......###


You could see 2 wights.

Vanquished Creatures
  Sigmund (D:3)
  Eustachio (D:4)
  Menkaure (D:6)
  2 water moccasins
  Duvessa (D:6)
  2 orc warriors
  2 sky beasts
  An ogre (D:6)
  2 phantoms (D:6)
  2 bullfrogs (D:7)
  5 scorpions
  2 wights (D:7)
  Dowan (D:6)
  A howler monkey (D:4)
  5 hounds
  2 orc priests (D:6)
  3 jellies
  A sleepcap (D:6)
  A gnoll bouda (D:5)
  Crazy Yiuf (D:3)
  3 iguanas
  3 orc wizards
  4 adders
  3 gnolls (D:5)
  3 shadow imps
  2 white imps (D:7)
  2 ufetubi
  2 worms
  3 dart slugs
  26 orcs
  4 endoplasms
  2 giant cockroaches (D:4)
  8 goblins
  9 hobgoblins
  6 jackals
  3 quokkas
  10 ball pythons
  11 bats
  7 frilled lizards
  10 kobolds
  6 rats
  4 bushes (D:2)
168 creatures vanquished.

Notes
Turn   | Place    | Note
-------+----------+-------------------------------------------
     0 | D:1      | Nithhogg the Hill Orc Fighter began the quest for the Orb.
     0 | D:1      | Reached XP level 1. HP: 19/19 MP: 1/1
    87 | D:1      | Reached skill level 3 in Axes
   141 | D:1      | Found a faded altar of an unknown god.
   159 | D:1      | Reached XP level 2. HP: 26/27 MP: 2/2
   689 | D:2      | Reached XP level 3. HP: 31/33 MP: 3/3
   903 | D:2      | Reached skill level 4 in Axes
  1550 | D:3      | Found a glowing golden altar of the Shining One.
  1559 | D:3      | Became a worshipper of the Shining One
  1662 | D:3      | Reached XP level 4. HP: 40/40 MP: 4/4
  1795 | D:3      | Reached skill level 1 in Invocations
  1870 | D:3      | Noticed Sigmund
  1882 | D:3      | Killed Sigmund
  1883 | D:3      | Reached skill level 5 in Axes
  1883 | D:3      | Reached XP level 5. HP: 30/47 MP: 4/6
  1883 | D:3      | Reached XP level 6. HP: 35/55 MP: 4/7
  2316 | D:3      | Found a runed translucent door.
  2317 | D:3      | Noticed Crazy Yiuf
  2328 | D:3      | Killed Crazy Yiuf
  2329 | D:3      | Reached skill level 5 in Fighting
  2329 | D:3      | Reached skill level 6 in Axes
  2486 | D:4      | Identified the +8 ring mail of Maex {rElec Will+}
  2736 | D:4      | Reached * piety under the Shining One
  2808 | D:4      | Noticed Eustachio
  2889 | D:4      | Killed Eustachio
  2890 | D:4      | Reached XP level 7. HP: 50/61 MP: 9/9
  3295 | D:5      | Entered Level 5 of the Dungeon
  3406 | D:5      | Reached skill level 7 in Axes
  3406 | D:5      | Reached skill level 5 in Armour
  3560 | D:5      | Found a hazy altar of Hepliaklqana.
  3561 | D:5      | Found a shimmering altar of Xom.
  3562 | D:5      | Found a sacrificial altar of Ru.
  3686 | D:5      | Found a hide-covered altar of Uskayaw.
  3687 | D:5      | Noticed a +0 dagger
  3687 | D:5      | Noticed a +0 short sword
  3687 | D:5      | Noticed a +0 dagger
  3688 | D:5      | Noticed a +0 falchion
  3688 | D:5      | Noticed a +0 spear
  3689 | D:5      | Noticed a +0 spear
  3689 | D:5      | Noticed a +0 falchion
  3690 | D:5      | Noticed a +0 short sword
  3916 | D:5      | Reached XP level 8. HP: 52/70 MP: 11/11
  4088 | D:5      | Reached skill level 8 in Axes
  4361 | D:6      | Reached skill level 5 in Invocations
  4590 | D:6      | Reached skill level 9 in Axes
  4606 | D:6      | Reached ** piety under the Shining One
  4720 | D:6      | Found Zin's Purification Station.
  4721 | D:6      | Found a glowing silver altar of Zin.
  4896 | D:6      | Noticed Duvessa
  4899 | D:6      | Noticed Dowan
  4906 | D:6      | Killed Duvessa
  4911 | D:6      | Killed Dowan
  4912 | D:6      | Reached XP level 9. HP: 38/79 MP: 13/13
  5043 | D:6      | Noticed Menkaure
  5096 | D:6      | Killed Menkaure
  5097 | D:6      | Reached skill level 10 in Axes
  5300 | D:6      | Found a snail-covered altar of Cheibriados.
  5346 | D:6      | Found a shadowy altar of Dithmenos.
  6077 | D:7      | Reached skill level 11 in Axes
  6097 | D:7      | The Shining One protects you from harm!
  6107 | D:7      | HP: 2/66 [wight/+4 morningstar (6)]
  6113 | D:7      | HP: 2/66 [wight/+4 morningstar (4)]
  6124 | D:7      | Mangled by a wight

Illustrated notes

Levels and vault maps discovered:
D:1:      dpeg_arrival_lava_temple_mockup, layout_loops_ring,
          ebering_ecumenical_altar_box, skrybe_limestone_x
D:2:      layout_loops_ring, minmay_hedge_maze
D:3:      minmay_octagon_keep, layout_basic, lemuel_doored_altar, uniq_sigmund,
          uniq_crazy_yiuf_cottage
D:4:      layout_rooms, serial_co_window_serial, co_window_corner_a,
          co_window_paths_a, co_window_paths_b, co_window_paths_a,
          co_window_corner_a, co_window_of_opportunity_b, co_window_corner_ca,
          co_window_of_opportunity_b, co_window_paths_c, co_window_paths_c,
          co_window_2corner, co_window_of_opportunity_c, glass_columns_a,
          glass_columns_c, glass_columns_b, glass_columns_b, glass_columns_a,
          st_stairs_5, uniq_eustachio
D:5:      layout_basic, nicolae_uskayaw_en_pointe,
          gammafunk_temple_overflow_forgotten
D:6:      layout_basic, kennysheep_mini_moat, zin_purify, grunt_dithmenos_smoke,
          uniq_menkaure, uniq_duvessa
D:7:      layout_cave_pools, minmay_temple_entry_wispy, serial_park,
          serial_park_tiny_pond, serial_park_square3
          [serial_park_minivault_5x5_6], serial_park_tiny_2, serial_park_tiny_2,
          kennysheep_potato

Skill      XL: |  1  2  3  4  5  6  7  8  9 |
---------------+----------------------------+-----
Axes           | 3 4 5 6 7 9 11 | 11.0
Fighting       | 4 5 6 7 |  7.8
Invocations    | 2 3 4 6 7 |  7.1
Armour         | 4 5 6 7 |  7.1
Shields        | |  3.2

Action                     |  1- 3 |  4- 6 |  7- 9 || total
---------------------------+-------+-------+-------++-------
  Melee: War axe           |   265 |   103 |   245 ||   613
         Punch             |     6 |     3 |     5 ||    14
    Use: Scroll            |       |     4 |     4 ||     8
         Potion            |       |       |    13 ||    13
 Armour: Scale mail        |    91 |    24 |       ||   115
         Ring mail         |       |    51 |   117 ||   168
  Dodge: Dodged            |    65 |    83 |   148 ||   296

Table legend: (Time is in decaauts)
 A = Elapsed time spent in this place.
 B = Non-inter-level travel time spent in this place.
 C = Inter-level travel time spent in this place.
 D = Time resting spent in this place.
 E = Time spent auto-exploring this place.
 F = Levels seen in this place.
 G = Mean time per level.
                   A        B        C        D        E       F      G
               +--------+--------+--------+--------+--------+-----+--------+
         Total |   6242 |   6117 |    125 |    150 |   4649 |   7 |  891.7 |
       Dungeon |   6242 |   6117 |    125 |    150 |   4649 |   7 |  891.7 |
               +--------+--------+--------+--------+--------+-----+--------+

Top non-repeatable levels by time:
     D:6: 1522 daAuts
     D:3: 1015 daAuts
     D:5: 878 daAuts
     D:2: 863 daAuts
     D:4: 846 daAuts
     D:1: 675 daAuts
     D:7: 441 daAuts
